 Dungeon Crawl Stone Soup version 0.32-a0-834-geaf45d8e21 (webtiles) character file.

Game seed: 5630460755509858087

1529 sh4w the Trooper (level 8, -1/70 HPs)
             Began as a Mountain Dwarf Berserker on Mar 25, 2024.
             Was a Follower of Trog.
             Slain by a hornet (6 damage)
             ... on level 5 of the Dungeon.
             The game lasted 00:43:13 (4650 turns).

sh4w the Trooper (Mountain Dwarf Berserker)         Turns: 4650, Time: 00:43:13

Health: -1/70      AC:  9    Str: 27 (29) XL:     8   Next: 55%
Magic:  8/8        EV: 10    Int:  9 (10) God:    Trog [*.....]
Gold:   206        SH:  0    Dex:  9      Spells: 7/7 levels left

rFire   . . .        J - +2 falchion (drain)
rCold   . . .        (no shield)
rNeg    + . .        K - +0 ring mail {rPois}
rPois   +            x - +1 helmet {Int+3}
rElec   .            (no cloak)
rCorr   .            (no gloves)
SInv    .            w - +0 pair of boots
Will    .....        (no amulet)
Stlth   +            r - ring of positive energy
HPRegen 0.31/turn    N - +6 ring of strength
MPRegen 0.11/turn

%: no passive effects
@: attractive
A: runic magic, artefact enchanting
a: Renounce Religion, Berserk


You were on level 5 of the Dungeon.
You worshipped Trog.
Trog was aware of your devotion.
You visited 1 branch of the dungeon, and saw 5 of its levels.

You collected 206 gold pieces.

Inventory:

Hand Weapons
 a - a +0 hand axe
 d - a +0 short sword
 e - a +0 club
 h - a +0 club
 i - a +0 club
 k - a +0 trident
 m - a +0 sling
 n - a +0 club
 p - a +0 dagger
 q - a +0 whip
 t - a +0 whip
 J - a +2 falchion of draining (weapon)
 L - a +0 vampiric dagger
Missiles
 c - 71 stones
 A - 2 throwing nets
 B - 3 boomerangs
 F - 9 poisoned darts
 T - 2 large rocks
Armour
 b - a +0 animal skin
 w - a +0 pair of boots (worn)
 x - a +1 helmet of intelligence (worn)
 y - a +0 chain mail
 C - a +0 leather armour
 K - a +0 ring mail of poison resistance (worn)
 O - a +1 leather armour of willpower
 R - a +0 leather armour
Jewellery
 r - a ring of positive energy (left hand)
 I - a ring of positive energy
 N - a +6 ring of strength (right hand)
Talismans
 S - a blade talisman
Wands
 u - a wand of polymorph (10)
Scrolls
 f - 4 scrolls of fear {unknown}
 j - a scroll of poison {unknown}
 l - a scroll of enchant weapon {unknown}
 v - a scroll of vulnerability {unknown}
 D - a scroll of revelation {unknown}
 E - a scroll of immolation {unknown}
 G - a scroll of brand weapon {unknown}
 H - 2 scrolls of enchant armour {unknown}
 M - a scroll of identify {unknown}
 Q - a scroll of fog {unknown}
Potions
 o - 2 potions of berserk rage
 z - a potion of brilliance


   Skills:
 + Level 6.2 Fighting
 + Level 5.0 Long Blades
 + Level 5.7 Axes
 + Level 5.9 Armour
 + Level 3.4 Dodging
 + Level 0.6 Stealth
 + Level 0.2 Unarmed Combat


You had 7 spell levels left.
You didn't know any spells.
Your spell library contained the following spells:

 Spells                   Type           Power      Damage    Failure   Level
 Apportation              Tloc           0%         N/A       41%         1
 Necrotise                Necr           0%         1d4       41%         1
 Sting                    Conj/Alch      0%         1d3       41%         1
 Summon Small Mammal      Summ           0%         N/A       41%         1
 Cigotuvi's Dreadful Rot  Necr/Alch/Air  0%         N/A       54%         2
 Confusing Touch          Hex            0%         N/A       78%         3
 Summon Mana Viper        Hex/Summ       0%         N/A       100%        5


Dungeon Overview and Level Annotations

Branches:
Dungeon (5/15)
 Temple: D:4-7

Altars:
Kikubaaqudgha

Shops:
D:5 =


Innate Abilities, Weirdness & Mutations

Your spellcasting is much less encumbered by armour.
You can use scrolls of enchantment on lesser artefacts.


Message History

The hornet closely misses you. x2
You bump into the rock wall.
The hornet stings you!
You feel yourself slow down.
You feel less invigorated.
You feel less confused.
The hornet stings you but does no damage.
The hornet barely misses you.
You feel yourself speed up. The hornet attacks as it pursues you!
The hornet barely misses you. x2
The hornet attacks as it pursues you! The hornet stings you.
The hornet stings you but does no damage.
The hornet stings you.
The ribbon worm is attracted toward you.
The hornet attacks as it pursues you! The hornet stings you.
You feel yourself slow down. The hornet stings you!
You feel yourself speed up. The hornet stings you!
* * * LOW HITPOINT WARNING * * *
You are poisoned.
You feel yourself slow down. The hornet stings you.
* * * LOW HITPOINT WARNING * * *
You feel yourself speed up.
You feel very sick.
The hornet stings you but does no damage.
You feel sick. The hornet attacks as it pursues you!
The hornet closely misses you.
You feel sick. The hornet closely misses you.
You feel sick.
The hornet stings you but does no damage.
You feel sick.
You feel sick.
You are no longer poisoned.
The hornet seems less drained.
The hornet attacks as it pursues you!
The hornet stings you but does no damage.
The hornet misses you. The hornet attacks as it pursues you!
The hornet closely misses you.
The ribbon worm is attracted toward you.
The hornet attacks as it pursues you! The hornet stings you.
You die...

#.......... #..........
#.......... #.......... #######
##........# #.....# ###..........
#'###.# ####............ . ###.#
#.## ###.w§.#..........
..###...###..###@y.####..........
..[......###...).### #..........
..##..∩..##..###########........#
. #.....÷'.###..............†.##
##...#######.##############..#
#.### #..###############.# #'##
..#................. #..###
.#####...........##. ##...# ##.#
###########....


You could see a hornet and a ribbon worm.

Vanquished Creatures
  Grinder (D:5)
  Sigmund (D:3)
  A wyvern (D:5)
  Duvessa (D:5)
  A phantom (D:5)
  3 scorpions
  Dowan (D:5)
  3 vampire bats (D:3)
  2 bombardier beetles
  2 hounds
  4 orc priests
  A sleepcap (D:5)
  3 orc wizards (D:4)
  6 adders
  2 dart slugs (D:1)
  A ribbon worm (D:2)
  14 orcs
  2 bat skeletons (D:3)
  2 bat zombies (D:3)
  3 endoplasms
  4 giant cockroaches
  13 goblins
  6 hobgoblins
  7 jackals
  3 quokkas
  4 ball pythons
  7 bats
  A frilled lizard (D:1)
  5 kobolds
  6 rats
110 creatures vanquished.

Notes
Turn   | Place    | Note
-------+----------+-------------------------------------------
     0 | D:1      | sh4w the Mountain Dwarf Berserker began the quest for the
                  | Orb.
     0 | D:1      | Reached XP level 1. HP: 19/19 MP: 1/1
   402 | D:1      | Reached XP level 2. HP: 9/26 MP: 2/2
   546 | D:1      | Got the Incunable of the Destined Magnum Opus
   937 | D:1      | Reached XP level 3. HP: 25/33 MP: 3/3
   961 | D:1      | Reached ** piety under Trog
  1014 | D:2      | Found Pinoagif's Armour Boutique.
  1028 | D:2      | Reached skill level 4 in Fighting
  1290 | D:2      | Reached XP level 4. HP: 41/41 MP: 4/4
  2544 | D:3      | Noticed Sigmund
  2570 | D:3      | Killed Sigmund
  2571 | D:3      | Reached skill level 5 in Axes
  2571 | D:3      | Reached XP level 5. HP: 35/47 MP: 5/5
  2571 | D:3      | Reached XP level 6. HP: 40/53 MP: 6/6
  2835 | D:3      | Found an ancient bone altar of Kikubaaqudgha.
  2915 | D:3      | Reached skill level 1 in Long Blades
  3376 | D:4      | Reached skill level 5 in Fighting
  3424 | D:4      | Reached XP level 7. HP: 53/61 MP: 7/7
  3896 | D:5      | Entered Level 5 of the Dungeon
  3905 | D:5      | Found Ciosoll's Jewellery Shop.
  3905 | D:5      | Noticed a wyvern
  3914 | D:5      | Killed a wyvern
  3915 | D:5      | Reached skill level 5 in Armour
  3924 | D:5      | Noticed Duvessa
  3926 | D:5      | Noticed Dowan
  3932 | D:5      | Killed Dowan
  4002 | D:5      | Killed Duvessa
  4003 | D:5      | Reached XP level 8. HP: 52/70 MP: 8/8
  4244 | D:5      | Noticed Grinder
  4366 | D:5      | Paralysed by Grinder for 3 turns
  4477 | D:5      | Killed Grinder
  4478 | D:5      | Reached skill level 6 in Fighting
  4596 | D:5      | Reached skill level 5 in Long Blades
  4614 | D:5      | Noticed a hornet
  4626 | D:5      | Paralysed by a hornet for 2 turns
  4650 | D:5      | Slain by a hornet

Illustrated notes

Levels and vault maps discovered:
D:1:      dpeg_arrival_rooms_with_view, layout_loops_cross
D:2:      layout_basic, serial_shops, shop
D:3:      layout_loops_ring, kennysheep_vampire_church, uniq_sigmund
D:4:      layout_basic, amcnicky_mini_corridor_feature, serial_bayou_lake_a
D:5:      layout_rooms, serial_shops, nicolae_shop_rolling_square,
          nicolae_elevator_lobby_asterisk, uniq_grinder, uniq_menkaure,
          uniq_duvessa

Skill      XL: |  1  2  3  4  5  6  7  8 |
---------------+-------------------------+-----
Axes           | 4 5 |  5.7
Fighting       | 4 5 6 |  6.2
Dodging        | 2 3 |  3.4
Armour         | 3 4 5 |  5.9
Long Blades    | 1 3 5 |  5.0
Stealth        | |  0.6
Unarmed Combat | |  0.2

Action                     |  1- 3 |  4- 6 |  7- 9 || total
---------------------------+-------+-------+-------++-------
  Melee: Hand axe          |   125 |    47 |       ||   172
         Falchion          |       |   125 |   231 ||   356
         Unarmed           |       |       |     5 ||     5
  Throw: Stone             |       |       |     1 ||     1
 Invoke: Berserk           |       |     2 |       ||     2
         Trog's Hand       |       |     1 |    15 ||    16
    Use: Potion            |     1 |       |     7 ||     8
 Armour: Animal skin       |    68 |       |       ||    68
         Chain mail        |    21 |    44 |       ||    65
         Ring mail         |       |   262 |   226 ||   488
         Skin              |       |       |    13 ||    13
  Dodge: Dodged            |    70 |   237 |   168 ||   475

Table legend: (Time is in decaauts)
 A = Elapsed time spent in this place.
 B = Non-inter-level travel time spent in this place.
 C = Inter-level travel time spent in this place.
 D = Time resting spent in this place.
 E = Time spent auto-exploring this place.
 F = Levels seen in this place.
 G = Mean time per level.
                   A        B        C        D        E       F      G
               +--------+--------+--------+--------+--------+-----+--------+
         Total |   4731 |   1310 |   3421 |      0 |      0 |   5 |  946.2 |
       Dungeon |   4731 |   1310 |   3421 |      0 |      0 |   5 |  946.2 |
               +--------+--------+--------+--------+--------+-----+--------+

Top non-repeatable levels by time:
     D:2: 1182 daAuts
     D:3: 1038 daAuts
     D:1: 1021 daAuts
     D:4: 765 daAuts
     D:5: 723 daAuts
